 Dungeon Crawl Stone Soup version 0.21.1-1-g345015f (webtiles) character file.

1464 xccam the Chopper (level 8, -2/64 HPs)
             Began as a Demonspawn Abyssal Knight on Feb 12, 2018.
             Was a Priest of Lugonu.
             Slain by an ogre
             ... wielding a +0 giant club
              (17 damage)
             ... on level 5 of the Dungeon.
             The game lasted 00:10:14 (4183 turns).

xccam the Chopper (Demonspawn Abyssal Knight)       Turns: 4183, Time: 00:10:14

Health: -2/64      AC:  7    Str: 16    XL:     8   Next: 48%
Magic:  9/9        EV:  9    Int: 14    God:    Lugonu [***...]
Gold:   345        SH:  0    Dex: 13    Spells: 7/7 levels left

rFire    + . .     SeeInvis .   h - +1 war axe (elec)
rCold    . . .     Gourm    .   (no shield)
rNeg     . . .     Faith    .   l - +0 scale mail
rPois    .         Spirit   .   (helmet restricted)
rElec    .         Reflect  .   (no cloak)
rCorr    .         Harm     .   (no gloves)
MR       .....                  (no boots)
Stlth    ..........             i - amulet of magic regeneration
HPRegen  1.20/turn              m - +2 ring of strength
MPRegen  0.36/turn              n - ring of protection from fire

@: no status effects
A: horns 1, powered by death 2
a: Depart the Abyss, Bend Space, Banish, Renounce Religion


You were on level 5 of the Dungeon.
You worshipped Lugonu.
Lugonu was most pleased with you.
You were not hungry.

You visited 1 branch of the dungeon, and saw 5 of its levels.
You visited the Abyss 1 time.

You collected 345 gold pieces.

Inventory:

Hand Weapons
 h - a +1 war axe of electrocution (weapon)
Armour
 b - a +1 leather armour
 l - a +0 scale mail (worn)
Jewellery
 i - an amulet of magic regeneration (around neck)
 m - a +2 ring of strength (left hand)
 n - a ring of protection from fire (right hand)
 p - an uncursed ring of protection from magic
Wands
 e - a wand of polymorph (15)
Scrolls
 a - 2 scrolls of identify
 d - 2 scrolls of enchant armour
 k - 3 scrolls of teleportation
 q - 3 scrolls of remove curse
Potions
 f - 2 potions of lignification
 j - a potion of curing
Books
 o - a book of Misfortune

   Spells                             Type                      Level
   a - Confusing Touch                Hexes                        1
   b - Confuse                        Hexes                        3
   c - Gell's Gravitas                Translocation                3
   d - Petrify                        Transmutation/Earth          4
   e - Metabolic Englaciation         Hexes/Ice                    5
   f - Yara's Violent Unravelling     Hexes/Transmutation          5
Comestibles
 c - 11 rations
 g - a chunk of flesh


   Skills:
 + Level 5.7 Fighting
 * Level 7.5 Axes
 + Level 4.7 Armour
 - Level 0.8 Dodging
 - Level 2.4 Invocations


You had 7 spell levels left.
You didn't know any spells.

Dungeon Overview and Level Annotations

Branches:
Dungeon (5/15)             Temple (0/1) D:5

Altars:
Ashenzari
Cheibriados
Gozag
Hepliaklqana
Qazlal
Ru
Zin


Innate Abilities, Weirdness & Mutations

You have a pair of small horns on your head.
You regenerate health from kills.


Message History

The leopard gecko bites you but does no damage.
The ogre closely misses you.
You hit the ogre. Lightning courses through the ogre!
The ogre is severely wounded.
You hit the leopard gecko but do no damage.
Lightning courses through the leopard gecko!
You kill the leopard gecko!
Lugonu accepts your kill.
You hit the ogre but do no damage.
The ogre is severely wounded.
The ogre hits you with a giant club!
You barely miss the ogre. Your headbutt misses the ogre.
The ogre is severely wounded.
The ogre hits you with a giant club!
* * * LOW HITPOINT WARNING * * *
Unknown command.
You barely miss the ogre.
The ogre is severely wounded.
The ogre hits you with a giant club!
You die...

.# ####.#####
#.# .# ## #.#
###.### #.#
....... #.#
###.##...
####.####.......
#.........# ..
#.##......# .# #
#####..###.###.#
#...†@O....#
#.##########
...# #####


You could see an ogre.

Vanquished Creatures
  2 sky beasts (D:5)
  3 ogres
  2 phantoms (D:5)
  A centaur (D:5)
  A bullfrog (D:4)
  2 scorpions
  A howler monkey (D:4)
  A crimson imp (D:5)
  A bullfrog zombie (D:5)
  An orc priest (D:4)
  A hound (D:5)
  2 bullfrog skeletons
  2 iguanas
  2 orc wizards (D:4)
  2 worker ants (D:4)
  5 gnolls
  8 adders
  A shadow imp (D:5)
  2 oozes
  3 worms
  A dart slug (D:2)
  5 leopard geckos
  7 orcs
  4 giant cockroaches
  9 hobgoblins
  4 jackals (D:2)
  2 quokkas
  A ball python (D:2)
  9 bats
  7 frilled lizards
  8 goblins
  5 kobolds
  9 rats
114 creatures vanquished.

Vanquished Creatures (others)
  A fungus (D:5)
1 creature vanquished.

Grand Total: 115 creatures vanquished

Notes
Turn   | Place    | Note
-------+----------+-------------------------------------------
     0 | Abyss:1  | xccam the Demonspawn Abyssal Knight began the quest for the Orb.
     0 | Abyss:1  | Reached XP level 1. HP: 18/18 MP: 2/2
     2 | Abyss:1  | Found a corrupted altar of Lugonu.
    65 | Abyss:1  | Noticed a quasit
    70 | D:1      | Escaped the Abyss
   128 | D:1      | Reached skill level 2 in Axes
   243 | D:1      | Reached * piety under Lugonu
   249 | D:1      | Gained mutation: You regenerate a little health from kills. [demonic ancestry]
   249 | D:1      | Reached XP level 2. HP: 12/24 MP: 3/3
   459 | D:1      | Reached skill level 3 in Axes
   629 | D:1      | Gained mutation: You regenerate health from kills. [demonic ancestry]
   629 | D:1      | Reached XP level 3. HP: 26/29 MP: 4/4
  1363 | D:2      | Reached skill level 4 in Axes
  1363 | D:2      | Reached XP level 4. HP: 35/35 MP: 5/5
  1364 | D:2      | Found a stormy altar of Qazlal.
  1726 | D:2      | Found a sacrificial altar of Ru.
  2079 | D:3      | Reached ** piety under Lugonu
  2083 | D:3      | Reached XP level 5. HP: 41/41 MP: 6/6
  2198 | D:3      | Found a shattered altar of Ashenzari.
  2220 | D:3      | Found an opulent altar of Gozag.
  2312 | D:3      | Found a snail-covered altar of Cheibriados.
  2583 | D:4      | Reached XP level 6. HP: 44/48 MP: 7/7
  2685 | D:4      | Reached skill level 5 in Axes
  2899 | D:4      | Found a hazy altar of Hepliaklqana.
  2970 | D:4      | Gained mutation: You have a pair of small horns on your head. [demonic ancestry]
  2970 | D:4      | Reached XP level 7. HP: 55/55 MP: 8/8
  2998 | D:4      | Found a glowing silver altar of Zin.
  3169 | D:4      | Found an opulent altar of Gozag.
  3197 | D:5      | Entered Level 5 of the Dungeon
  3209 | D:5      | Reached skill level 6 in Axes
  3322 | D:5      | Reached skill level 5 in Fighting
  3337 | D:5      | HP: 4/84 [hound (4)]
  3342 | D:5      | Reached *** piety under Lugonu
  3601 | D:5      | Reached XP level 8. HP: 62/62 MP: 9/9
  3612 | D:5      | Found a staircase to the Ecumenical Temple.
  3762 | D:5      | Reached skill level 7 in Axes
  4183 | D:5      | Slain by an ogre

Skill      XL: |  1  2  3  4  5  6  7  8 |
---------------+-------------------------+-----
Axes           | 2 3 4 5 6 7 |  7.5
Armour         | 2 3 4 |  4.7
Fighting       | 4 5 |  5.7
Dodging        | |  0.8
Invocations    | |  2.4

Action                   |  1- 3 |  4- 6 |  7- 9 || total
-------------------------+-------+-------+-------++-------
Melee: Hand axe          |    93 |   150 |       ||   243
       War axe           |       |    46 |   125 ||   171
       Headbutt          |       |       |    15 ||    15
Invok: Depart the Abyss  |     1 |       |       ||     1
  Use: Potion            |     1 |     3 |     8 ||    12
       Scroll            |     3 |     5 |     2 ||    10
  Eat: Chunk             |     1 |     2 |     5 ||     8
       Ration            |       |     1 |       ||     1
Armor: Leather armour    |    23 |       |       ||    23
       Skin              |     5 |    17 |    18 ||    40
       Scale mail        |     4 |    78 |    35 ||   117
Dodge: Dodged            |    71 |    95 |    42 ||   208
